 Dungeon Crawl Stone Soup version 0.19.5 (webtiles) character file.

15738 Gargoyl the Protected (level 12, -6/101 HPs)
             Began as a Ghoul Abyssal Knight on Apr 14, 2017.
             Was a Priest of Lugonu.
             Mangled by a polar bear (21 damage)
             ... on level 3 of the Lair of Beasts.
             The game lasted 00:31:27 (14454 turns).

Gargoyl the Protected (Ghoul Abyssal Knight)       Turns: 14454, Time: 00:31:28

Health: -6/101     AC: 22    Str: 17    XL:     12   Next: 30%
Magic:  14/18      EV:  7    Int: 11    God:    Lugonu [***...]
Gold:   927        SH:  4    Dex: 12    Spells: 0 memorised, 11 levels left

rFire  . . .     SeeInvis .     G - +1 war axe of Fortitude {chop, +Rage rElec rC- Int+4}
rCold  . . .     Gourm    .     M - +1 plate armour
rNeg   + + +     Faith    .     p - +0 buckler
rPois  ∞         Spirit   .     b - +2 hat
rElec  +         Reflect  .     o - +0 cloak
rCorr  +         Harm     .     n - +0 pair of gloves
MR     +....                    X - +0 pair of boots {run}
Stlth  ..........               (no amulet)
                                C - ring of resist corrosion
                                F - ring of protection from magic

@: rotting, quick
A: rotting body, claws 1, carnivore 3, cold resistance 1, negative energy
resistance 3, slow regeneration 1, torment resistance, unbreathing
a: Depart the Abyss, Bend Space, Banish, Renounce Religion


You were on level 3 of the Lair of Beasts.
You worshipped Lugonu.
Lugonu was most pleased with you.
You were not hungry.

You visited 2 branches of the dungeon, and saw 14 of its levels.
You visited the Abyss 1 time.

You collected 927 gold pieces.

Inventory:

Hand Weapons
 l - a cursed -3 trident
 r - a +0 war axe
 G - the +1 war axe of Fortitude (weapon) {chop, +Rage rElec rC- Int+4}
   (You found it on level 6 of the Dungeon)

   It inflicts extra damage upon your enemies.
   It affects your intelligence (+4).
   It makes you vulnerable to cold.
   It insulates you from electricity.
   It lets you go berserk.
 R - a +0 war axe
Armour
 b - a +2 hat (worn)
 n - a +0 pair of gloves (worn)
 o - a +0 cloak (worn)
 p - a +0 buckler (worn)
 M - a +1 plate armour (worn)
 X - a +0 pair of boots of running (worn)
Jewellery
 i - an uncursed ring of magical power
 k - an uncursed ring of magical power
 C - a ring of resist corrosion (right hand)
 F - a ring of protection from magic (left hand)
 P - an uncursed amulet of guardian spirit
Wands
 d - a wand of polymorph (8/24)
 e - a wand of flame (28/48)
 t - a wand of flame (19/48)
 D - a wand of polymorph (12/24)
 L - a wand of paralysis (7/24)
 N - a wand of acid (15/15)
 Q - a wand of flame (32/48)
 T - a wand of slowing (12/48)
 V - a wand of teleportation (3/9)
Scrolls
 y - 4 scrolls of magic mapping
 A - 4 scrolls of teleportation
 E - 5 scrolls of remove curse
 H - a scroll of recharging
 J - 3 scrolls of amnesia
 O - 4 scrolls of identify
Potions
 a - a potion of ambrosia
 f - 2 potions of brilliance
 m - 2 potions of agility
 q - 3 potions of lignification
 s - a potion of invisibility
 u - 3 potions of flight
 x - 3 potions of haste
 z - 3 potions of curing
 B - a potion of cure mutation
 U - a potion of cancellation
 W - a potion of might
Books
 g - a book of Enchantments

   Spells                             Type                      Level
   a - Cause Fear                     Hexes                        4
   b - Yara's Violent Unravelling     Hexes/Transmutation          5
   c - Silence                        Hexes/Air                    5
   d - Deflect Missiles               Charms/Air                   6
   e - Discord                        Hexes                        8
 v - a book of Geomancy

   Spells                             Type                      Level
   a - Sandblast                      Earth                        1
   b - Passwall                       Transmutation/Earth          2
   c - Stone Arrow                    Conjuration/Earth            3
   d - Petrify                        Transmutation/Earth          4
   e - Lee's Rapid Deconstruction     Earth                        5
 w - a book of Callings

   Spells                             Type                      Level
   a - Summon Small Mammal            Summoning                    1
   b - Call Imp                       Summoning                    2
   c - Call Canine Familiar           Summoning                    3
   d - Summon Guardian Golem          Hexes/Summoning              3
   e - Summon Lightning Spire         Summoning/Air                4
   f - Summon Ice Beast               Ice/Summoning                4
 I - a book of Changes

   Spells                             Type                      Level
   a - Beastly Appendage              Transmutation                1
   b - Sticks to Snakes               Transmutation                2
   c - Spider Form                    Transmutation/Poison         3
   d - Ice Form                       Ice/Transmutation            4
   e - Blade Hands                    Transmutation                5
 S - a book of Minor Magic

   Spells                             Type                      Level
   a - Magic Dart                     Conjuration                  1
   b - Blink                          Translocation                2
   c - Call Imp                       Summoning                    2
   d - Repel Missiles                 Charms/Air                   2
   e - Slow                           Hexes                        2
   f - Conjure Flame                  Conjuration/Fire             3
   g - Mephitic Cloud                 Conjuration/Poison/Air       3
Comestibles
 c - 8 meat rations
 h - a royal jelly
 j - 2 chunks of flesh
 K - 9 beef jerkies


   Skills:
 + Level 7.7 Fighting
 + Level 10.2 Axes
 * Level 10.8 Armour
 + Level 3.0 Dodging
 + Level 2.9 Shields
 * Level 9.6 Invocations
 + Level 0.1 Evocations


You had 11 spell levels left.
You didn't know any spells.

Dungeon Overview and Level Annotations

Branches:
Dungeon (11/15)            Temple (0/1) D:7            Lair (3/6) D:11
  Snake (0/4) Lair:3
  Swamp: Lair:2-4    Shoals: Lair:2-4       Orc: D:9-12

Altars:
Ashenzari
Elyvilon
Gozag
Makhleb
Nemelex Xobeh
Qazlal
Trog
Uskayaw
Vehumet
The Shining One

Annotations:
D:11 Urug
Abyss:1 Gastronok


Innate Abilities, Weirdness & Mutations

Your body is rotting away.
You thrive on raw meat.
You are immune to poison.
You have sharp fingernails.
You are carnivorous and can eat meat at any time.
Your flesh is cold resistant. (rC+)
You are immune to negative energy. (rN+++)
You regenerate slowly when monsters are visible.
You are immune to unholy pain and torment.
You can survive without breathing.


Message History

You can no longer corrupt the fabric of space.
The polar bear bites you!
* * * LOW HITPOINT WARNING * * *
The polar bear claws you but does no damage. x2
You block the polar bear's attack.
The polar bear claws you but does no damage.
You block the polar bear's attack.
Eat one of 3 chunks of flesh? (ye/n/q)
You start eating one of the 3 chunks of flesh.
The polar bear bites you.
* * * LOW HITPOINT WARNING * * *
The polar bear barely misses you. x2
This raw flesh tastes great!
Unknown command.
Eat one of 2 chunks of flesh? (ye/n/q)
You start eating one of the 2 chunks of flesh.
The polar bear bites you but does no damage.
The polar bear claws you but does no damage.
You block the polar bear's attack. The polar bear bites you!!
You die...

..#.## ... ###.##P.
.....### ####.......
.......# #..........
.......#♣# ♣#.........
.........♣ #♣♣.♣♣.♣..
........♣♣ #♣♣♣♣♣..
........# ### ♣..
........♣ #####..###
♣♣. ......#♣♣
#.#.@....# ♣.. ....#.#
###..÷h#...... #..
..##### ##.....## ##...
#♣. ..####♣♣♣#..##### [
#.. ..#P##.....## ♣.
..........## ..
........♣♣♣♣ ♣♣♣♣♣♣♣ ##
.........♣♣.♣♣#.....♣♣#
##
#.............#.......♣
###♣##.


You could see a polar bear (berserk).

Vanquished Creatures
  An ugly thing (D:10)
  2 black mambas
  6 spiny frogs
  5 komodo dragons
  2 two-headed ogres
  3 blink frogs (Lair:2)
  13 yaks
  A wyvern (D:10)
  A vampire (D:10)
  2 basilisks
  A hungry ghost (D:10)
  2 nagas (Lair:3)
  5 water moccasins
  6 porcupines
  Duvessa (D:6)
  An orc warrior (D:10)
  2 black bears (Lair:3)
  3 ice beasts
  A phantom (D:6)
  The ghost of Chifra the Changer, an amateur DrTm (D:3)
  3 ogres
  3 centaurs
  4 crocodiles
  2 big kobolds (D:8)
  2 gnoll sergeants
  A wyvern zombie (D:11)
  12 bullfrogs
  Dowan (D:6)
  3 scorpions
  A jelly (D:10)
  9 wights
  3 howler monkeys
  3 crimson imps
  2 centaur zombies
  6 hounds
  A bullfrog zombie (D:7)
  Crazy Yiuf (D:2)
  5 orc wizards
  Ijyb (D:3)
  A bullfrog skeleton (D:10)
  An iguana (D:5)
  9 worker ants
  Natasha (thrice) (D:3)
  Terence (D:3)
  A hound zombie (D:5)
  7 gnolls
  A river rat (D:11)
  10 adders
  A shadow imp (D:5)
  2 adder zombies (D:5)
  An adder skeleton (D:7)
  7 worms
  4 dart slugs
  2 leopard geckos (D:4)
  14 orcs
  6 giant cockroaches
  4 goblins
  3 hobgoblins (D:1)
  12 jackals
  3 quokkas
  2 ball pythons (D:1)
  11 bats
  4 frilled lizards
  2 jackal skeletons
  17 kobolds
  2 leopard gecko skeletons
  13 rats
  A fungus (Lair:1)
267 creatures vanquished.

Vanquished Creatures (others)
  A hydra (Lair:2)
  A hill giant (D:10)
  A manticore (D:10)
  2 blink frogs (Lair:2)
  A wyvern (D:8)
  A crimson imp (D:6)
  An orc wizard (D:7)
  2 orcs (D:7)
  A fungus (D:11)
11 creatures vanquished.

Grand Total: 278 creatures vanquished

Notes
Turn   | Place    | Note
-------+----------+-------------------------------------------
     0 | Abyss:1  | Gargoyl the Ghoul Abyssal Knight began the quest for the Orb.
     0 | Abyss:1  | Reached XP level 1. HP: 19/19 MP: 1/1
    18 | Abyss:1  | Found a corrupted altar of Lugonu.
    45 | Abyss:1  | Found a hide-covered altar of Uskayaw.
    49 | Abyss:1  | Found a corrupted altar of Lugonu.
    52 | Abyss:1  | Found a corrupted altar of Lugonu.
   112 | Abyss:2  | Noticed a flying skull
   118 | D:1      | Escaped the Abyss
   211 | D:1      | Reached * piety under Lugonu
   233 | D:1      | Identified a scroll of acquirement
   307 | D:1      | Reached XP level 2. HP: 23/26 MP: 2/2
   530 | D:1      | Reached skill level 1 in Dodging
   935 | D:2      | Reached XP level 3. HP: 9/31 MP: 3/3
  1296 | D:2      | Reached XP level 4. HP: 40/40 MP: 4/4
  1393 | D:2      | Found a runed door.
  1619 | D:2      | Noticed Crazy Yiuf
  1632 | D:2      | Killed Crazy Yiuf
  1687 | D:3      | You fall through a shaft!
  1970 | D:4      | Reached XP level 5. HP: 29/46 MP: 6/6
  2057 | D:3      | Noticed Natasha
  2070 | D:3      | Killed Natasha
  2077 | D:3      | Noticed Natasha
  2089 | D:3      | Killed Natasha
  2319 | D:3      | Reached ** piety under Lugonu
  2367 | D:3      | Noticed Natasha
  2387 | D:3      | Killed Natasha
  2433 | D:3      | Reached XP level 6. HP: 50/52 MP: 7/7
  2448 | D:3      | Noticed Chifra's ghost (amateur DrTm)
  2498 | D:3      | Killed Chifra's ghost
  2571 | D:3      | Found a sparkling altar of Nemelex Xobeh.
  2582 | D:3      | Noticed Terence
  2599 | D:3      | Killed Terence
  2658 | D:3      | Found an opulent altar of Gozag.
  2772 | D:3      | Found a glowing golden altar of the Shining One.
  2772 | D:3      | Noticed Ijyb
  2785 | D:3      | Killed Ijyb
  2800 | D:3      | Found a radiant altar of Vehumet.
  2803 | D:3      | Found a hide-covered altar of Uskayaw.
  2825 | D:3      | Found a white marble altar of Elyvilon.
  3192 | D:4      | Reached XP level 7. HP: 58/58 MP: 8/8
  3839 | D:5      | Entered Level 5 of the Dungeon
  4024 | D:5      | Found a shattered altar of Ashenzari.
  4157 | D:5      | Reached XP level 8. HP: 40/66 MP: 10/10
  4288 | D:5      | Reached *** piety under Lugonu
  4313 | D:5      | Reached skill level 5 in Armour
  4461 | D:5      | Reached skill level 1 in Shields
  4899 | D:5      | Found a burning altar of Makhleb.
  4962 | D:6      | Reached skill level 5 in Axes
  5134 | D:6      | Noticed Duvessa
  5139 | D:6      | Noticed Dowan
  5158 | D:6      | Killed Duvessa
  5167 | D:6      | Killed Dowan
  5167 | D:6      | Reached skill level 5 in Invocations
  5497 | D:6      | Got an ichor-stained war axe
  5498 | D:6      | Identified the cursed +1 war axe of Fortitude {chop, +Rage rElec rC- Int+4} (You found it on level 6 of the Dungeon)
  5951 | D:7      | Reached XP level 9. HP: 31/73 MP: 12/12
  6186 | D:7      | Found a staircase to the Ecumenical Temple.
  6523 | D:8      | Reached skill level 5 in Fighting
  6560 | D:8      | Noticed a two-headed ogre
  6567 | D:8      | Killed a two-headed ogre
  6614 | D:8      | Found a stormy altar of Qazlal.
  7029 | D:8      | Noticed a moth of wrath
  7032 | D:8      | Found a bloodstained altar of Trog.
  8417 | D:10     | Entered Level 10 of the Dungeon
  8433 | D:10     | Reached **** piety under Lugonu
  8622 | D:10     | Reached XP level 10. HP: 67/81 MP: 13/13
  8733 | D:10     | Noticed a hill giant
  8741 | D:10     | Banished a hill giant
  9507 | D:11     | Noticed a green ugly thing
  9582 | D:10     | Killed a cyan ugly thing
  9723 | D:11     | Noticed Urug
 10149 | D:11     | Noticed a manticore
 10158 | D:10     | Banished a manticore
 10535 | D:11     | Found a staircase to the Lair.
 10563 | Lair:1   | Entered Level 1 of the Lair of Beasts
 10767 | Lair:1   | Noticed Gastronok
 10769 | Lair:1   | Banished Gastronok
 10769 | Lair:1   | Reached XP level 11. HP: 91/91 MP: 15/15
 12992 | Lair:2   | Noticed a six-headed hydra
 12996 | Lair:2   | Banished a six-headed hydra
 12996 | Lair:2   | Reached skill level 10 in Armour
 13191 | Lair:2   | Reached XP level 12. HP: 50/100 MP: 17/17
 13193 | Lair:2   | Reached skill level 10 in Axes
 13672 | Lair:2   | Noticed a five-headed hydra
 13673 | Lair:2   | Banished a five-headed hydra
 14189 | Lair:3   | Found a staircase to the Snake Pit.
 14247 | Lair:3   | Identified a +0 pair of boots of running (You found it on level 3 of the Lair of Beasts)
 14454 | Lair:3   | Mangled by a polar bear

Skill      XL: |  1  2  3  4  5  6  7  8  9 10 11 12 |
---------------+-------------------------------------+-----
Axes           | 2 3 4 6 7 9 10 | 10.2
Armour         | 2 3 4 5 7 9 10 | 10.8
Dodging        | 1 2 3 |  3.0
Invocations    | 3 4 5 6 7 9 |  9.6
Fighting       | 4 5 6 7 |  7.7
Shields        | 1 2 |  2.9
Evocations     | |  0.1

Action                   |  1- 3 |  4- 6 |  7- 9 | 10-12 || total
-------------------------+-------+-------+-------+-------++-------
Melee: Hand axe          |   130 |    42 |       |       ||   172
       War axe           |       |   253 |   539 |   574 ||  1366
Invok: Depart the Abyss  |     1 |       |       |       ||     1
       Banish            |       |       |     2 |    12 ||    14
Evoke: Wand              |       |     3 |       |       ||     3
  Use: Scroll            |     4 |     6 |     7 |    12 ||    29
       Potion            |       |     3 |     2 |    10 ||    15
 Stab: Invisible         |       |       |       |     2 ||     2
  Eat: Chunk             |    17 |    27 |    48 |    84 ||   176
Armor: Scale mail        |    31 |       |       |       ||    31
       Chain mail        |   109 |   192 |   371 |       ||   672
       Plate armour      |       |       |    87 |   452 ||   539
Dodge: Dodged            |    70 |   105 |   201 |   229 ||   605
Block: Buckler           |       |    34 |   102 |   115 ||   251
